 Dungeon Crawl Stone Soup version 0.25-a0-1007-g10a8c3caa8 (webtiles) character file.

Game seed: 456178905606275539, levelgen mode: deterministic

51 Hasart the Chiller (level 3, 0/19 HPs)
             Began as a Deep Elf Ice Elementalist on May 12, 2020.
             Succumbed to a worker ant's poison
             ... on level 2 of the Dungeon.
             The game lasted 00:03:04 (1446 turns).

Hasart the Chiller (Deep Elf Ice Elementalist)      Turns: 1446, Time: 00:03:05

Health: 0/19       AC:  2    Str:  5    XL:     3   Next: 58%
Magic:  7/10       EV: 13    Int: 20    God:
Gold:   77         SH:  0    Dex: 15    Spells: 8/9 levels left

rFire    . . .     SeeInvis .   g - +2 war axe (venom)
rCold    . . .     Gourm    .   (no shield)
rNeg     . . .     Faith    .   a - +0 robe
rPois    .         Spirit   .   (no helmet)
rElec    .         Reflect  .   (no cloak)
rCorr    .         Harm     .   (no gloves)
MR       .....                  (no boots)
Stlth    ++........             (no amulet)
HPRegen  0.06/turn              (no ring)
MPRegen  0.12/turn              (no ring)

@: lethally poisoned (0 -> -10)
A: no striking features
a: no special abilities


You were on level 2 of the Dungeon.
You were not hungry.

You visited 1 branch of the dungeon, and saw 2 of its levels.

You collected 77 gold pieces.

Inventory:

Hand Weapons
 g - a +2 war axe of venom (weapon)
Armour
 a - a +0 robe (worn)
Scrolls
 b - a scroll of remove curse {unknown}
 f - 2 scrolls of teleportation {unknown}
 i - 2 scrolls of identify {unknown}
Potions
 e - a potion of curing {unknown}
 h - a potion of haste {unknown}
Comestibles
 c - 4 rations
 d - 4 chunks of flesh


   Skills:
 + Level 3.1 Dodging
 - Level 2.4 Stealth
 + Level 3.8 Spellcasting
 * Level 5.2 Ice Magic


You had 8 spell levels left.
You knew the following spells:

 Your Spells              Type           Power        Failure   Level  Hunger
a - Freeze                Ice            ###.         1%          1    None

Your spell library contained the following spells:

 Spells                   Type           Power        Failure   Level  Hunger
 Frozen Ramparts          Ice            ###...       4%          3    ###....
 Ozocubu's Armour         Chrm/Ice       ##......     14%         3    ###....
 Hailstorm                Conj/Ice       ##......     41%         4    ####...
 Summon Ice Beast         Ice/Summ       ##......     41%         4    ####...


Dungeon Overview and Level Annotations

Branches:
Dungeon (2/15)

Altars:


Message History

Casting: Freeze (safe; 1% risk of failure)
Confirm with . or Enter, or press ? or * to list all spells.
Aiming: Freeze (safe; 1% risk of failure)
Press: ? - help, Shift-Dir - straight line, f/p - worker ant
Aim: a worker ant (lightly wounded)
You freeze the worker ant!
The worker ant is severely wounded.
You feel sick. The worker ant bites you.
* * * LOW HITPOINT WARNING * * *
You are more poisoned.
The worker ant poisons you!
Casting: Freeze (safe; 1% risk of failure)
Confirm with . or Enter, or press ? or * to list all spells.
Aiming: Freeze (safe; 1% risk of failure)
Press: ? - help, Shift-Dir - straight line, f/p - worker ant
Aim: a worker ant (severely wounded)
You freeze the worker ant!
You kill the worker ant!
Your Dodging skill increases to level 3!
You die...

#..## ####### ...
#...... ... #...... ...
#...... #.# #...... #.#
#...†.. #†# #...... #@#
#...... #.# ####### #.#
# #.# #
#.################
######.................
........>.........######
###################


There were no monsters in sight!

Vanquished Creatures
  A worker ant (D:2)
  A dart slug (D:1)
  3 giant cockroaches
  3 goblins
  3 hobgoblins
  8 kobolds
  5 bats
  A frilled lizard (D:2)
  A rat (D:1)
26 creatures vanquished.

Notes
Turn   | Place    | Note
-------+----------+-------------------------------------------
     0 | D:1      | Hasart the Deep Elf Ice Elementalist began the quest for
                  | the Orb.
     0 | D:1      | Reached XP level 1. HP: 10/10 MP: 6/6
   387 | D:1      | Reached XP level 2. HP: 15/15 MP: 4/8
  1328 | D:2      | Reached skill level 5 in Ice Magic
  1329 | D:2      | Reached XP level 3. HP: 16/19 MP: 6/10
  1446 | D:2      | Succumbed to a worker ant's poison

Illustrated notes

Levels and vault maps discovered:
D:1:      psy_arrival_statuary, layout_basic
D:2:      minmay_razor_zed, layout_rooms, grunt_decor_fettered

Skill      XL: |  1  2  3 |
---------------+----------+-----
Ice Magic      | 5 |  5.2
Dodging        | 3 |  3.1
Stealth        | |  2.4
Spellcasting   | |  3.8

Action                   || total
-------------------------++-------
Melee: War axe           ||     6
       Short sword       ||     1
 Cast: Freeze            ||    34
  Eat: Chunk             ||     1
Armor: Robe              ||     9
Dodge: Dodged            ||    31

Table legend:
 A = Non-vault XP
 B = Vault XP
 C = Vault XP percentage of total XP
 D = Non-vault monster count
 E = Vault monster count
 F = Vault count percentage of total count
                 A         B        C        D         E       F
            +---------+---------+-------+---------+---------+-------
      Total |      74 |       0 |   0.0 |      26 |       0 |   0.0
            +---------+---------+-------+---------+---------+-------
        D:1 |      24 |       0 |   0.0 |      14 |       0 |   0.0
        D:2 |      50 |       0 |   0.0 |      12 |       0 |   0.0
            +---------+---------+-------+---------+---------+-------
